 Dungeon Crawl Stone Soup version 0.30.0-29-ga12c61a403 (webtiles) character file.

Game seed: 957951631490425821

3607 KamiKatze the Chopper (level 10, -45/53 HPs)
             Began as a Vine Stalker Fighter on June 6, 2023.
             Killed by an exploding orc (47 damage)
             ... ignited by their inner flame
             ... on level 8 of the Dungeon on June 7, 2023.
             The game lasted 00:17:45 (5828 turns).

KamiKatze the Chopper (Vine Stalker Fighter)        Turns: 5828, Time: 00:17:52

Health: -45/53     AC: 18    Str: 29    XL:     10   Next: 11%
Magic:  0/14       EV: 12    Int:  8    God:
Gold:   400        SH:  7    Dex: 14    Spells: 9/9 levels left

rFire   . . .        a - +1 war axe
rCold   . . .        K - +2 buckler
rNeg    . . .        b - +0 scale mail
rPois   .            w - +0 helmet
rElec   .            (no cloak)
rCorr   .            p - +2 pair of gloves
SInv    .            v - +1 pair of boots
Will    .....        m - amulet of the acrobat Stlth
                     D - +6 ring of strength
HPRegen 1.08/turn    J - +4 ring of protection
MPRegen 0.14/turn

%: acrobat, guardian spirit
@: weak-willed
A: fangs 3, regeneration 1, magic shield, antimagic bite, no potion heal 2
a: no special abilities


You were on level 8 of the Dungeon.
You visited 2 branches of the dungeon, and saw 9 of its levels.

You collected 400 gold pieces.

Inventory:

Hand Weapons
 a - a +1 war axe (weapon)
 n - a +1 flail of protection
Missiles
 o - 23 poisoned darts (quivered)
 N - 5 datura-tipped darts
Armour
 b - a +0 scale mail (worn)
 i - a +0 chain mail
 p - a +2 pair of gloves (worn)
 v - a +1 pair of boots (worn)
 w - a +0 helmet (worn)
 K - a +2 buckler (worn)
Jewellery
 m - an amulet of the acrobat (around neck)
 q - a ring of ice
 D - a +6 ring of strength (left hand)
 J - a +4 ring of protection (right hand)
Wands
 h - a wand of flame (36)
 t - a wand of iceblast (12)
Scrolls
 e - 5 scrolls of enchant armour
 f - 4 scrolls of teleportation
 r - 2 scrolls of vulnerability
 u - a scroll of blinking
 A - 2 scrolls of torment
 L - a scroll of magic mapping {unknown}
Potions
 d - 2 potions of might
 g - a potion of brilliance
 j - a potion of ambrosia {unknown}
 k - 3 potions of curing
 s - a potion of haste {unknown}
 z - 2 potions of attraction
 B - 2 potions of degeneration {unknown}
 C - 3 potions of mutation {unknown}
 E - a potion of resistance {unknown}
 H - a potion of berserk rage {unknown}
 M - a potion of flight {unknown}


   Skills:
 + Level 5.7 Fighting
 * Level 7.6 Axes
 + Level 5.2 Armour
 + Level 4.2 Dodging
 - Level 4.0 Shields
 + Level 4.3 Invocations
 - Level 3.0 Evocations


You had 9 spell levels left.
You didn't know any spells.
Your spell library contained the following spells:

 Spells                   Type           Power      Damage    Failure   Level
 Sandblast                Erth           0%         2d4       71%         1
 Slow                     Hex            0%         N/A       71%         1
 Passwall                 Tmut/Erth      0%         N/A       83%         2
 Confusing Touch          Hex            0%         N/A       97%         3
 Stone Arrow              Conj/Erth      0%         3d7       97%         3
 Vampiric Draining        Necr           0%         2d6       97%         3
 Summon Lightning Spire   Summ/Air       0%         N/A       100%        4
 Storm Form               Tmut/Air       0%         N/A       100%        7
 Maxwell's Capacitive Co  Air            0%         ∞         100%        8


Dungeon Overview and Level Annotations

Branches:
Dungeon (8/15)             Temple (1/1) D:7
   Lair: D:8-11

Altars:
Ashenzari
Cheibriados
Dithmenos
Elyvilon
Fedhas
Gozag
Hepliaklqana
Kikubaaqudgha
Makhleb
Nemelex Xobeh
Okawaru
Qazlal
Ru
Sif Muna
Trog
Vehumet
Wu Jian
Xom
Yredelemnul
Zin
The Shining One


Innate Abilities, Weirdness & Mutations

You have razor-sharp teeth.
Your natural rate of healing is unusually fast.
When hurt, damage is shared between your health and your magic reserves.
Your bite disrupts and absorbs the magic of your enemies.
Potions cannot restore your health.


Message History

Your killer bee is engulfed in poison gas.
Your killer bee looks even sicker.
Your killer bee is engulfed in poison gas.
Your killer bee looks even sicker. x2
Your steam dragon is engulfed in poison gas.
Your steam dragon looks even sicker.
Your orc is engulfed in poison gas.
Your orc looks even sicker.
Your killer bee is engulfed in poison gas.
Your killer bee looks as sick as possible!
Your killer bee is engulfed in poison gas.
Your killer bee looks as sick as possible!
Your killer bee is engulfed in poison gas.
Your killer bee looks as sick as possible!
As you read the scroll labelled ECASKU KYEM, it crumbles to dust.
The creatures around you are filled with an inner flame!
It was a scroll of immolation.
Flame seeps out of your orc. Flame seeps out of your steam dragon.
Flame seeps out of your killer bee. x2
Your killer bee's corpse dissolves into shadows!
Your killer bee explodes!
The fiery explosion engulfs your killer bee!!
Your killer bee's corpse dissolves into shadows!
The fiery explosion engulfs your steam dragon!!
Your steam dragon's corpse dissolves into shadows!
Your steam dragon explodes!
The fiery explosion engulfs your killer bee!!
Your killer bee's corpse dissolves into shadows!
Your killer bee explodes!
The fiery explosion engulfs you!!
* * * LOW HITPOINT WARNING * * *
Your killer bee explodes!
Your orc looks even sicker.
Unknown command.
You are engulfed in blazing flames.
* * * LOW HITPOINT WARNING * * *
Your orc's corpse dissolves into shadows!
Your orc explodes!
The fiery explosion engulfs you!!!
Ouch! That really hurt!
You die...

###
§§#
#§#
#§#
#§#
#§#
#§#
#§#
#@#
#§#
#§#
#§#
#☼§
###


There were no monsters in sight!

Vanquished Creatures
  Pikel (D:4)
  Maggie (D:7)
  A wyvern (D:7)
  Eustachio (D:5)
  3 steam dragons
  3 water moccasins
  An orc warrior (D:6)
  3 black bears
  2 sky beasts
  A centaur (D:6)
  A kobold brigand (D:7)
  Blork the orc (D:6)
  2 bullfrogs (D:7)
  A scorpion (D:5)
  5 howler monkeys (D:7)
  An orc priest (D:7)
  3 hounds
  3 jellies
  A sleepcap (D:5)
  2 iguanas
  Natasha (thrice) (D:3)
  6 orc wizards
  10 adders
  A shadow imp (D:6)
  A worm (D:3)
  4 dart slugs
  18 orcs
  8 bats
  5 endoplasms
  2 giant cockroaches
  13 goblins
  11 hobgoblins
  9 jackals
  6 quokkas
  9 ball pythons
  5 frilled lizards
  11 kobolds
  3 rats
162 creatures vanquished.

Notes
Turn   | Place    | Note
-------+----------+-------------------------------------------
     0 | D:1      | KamiKatze the Vine Stalker Fighter began the quest for the
                  | Orb.
     0 | D:1      | Reached XP level 1. HP: 11/11 MP: 2/2
   170 | D:1      | Reached skill level 2 in Axes
   170 | D:1      | Reached XP level 2. HP: 16/16 MP: 3/3
   237 | D:1      | Found a faded altar of an unknown god.
   527 | D:1      | Reached XP level 3. HP: 5/19 MP: 2/4
   947 | D:2      | Gained mutation: Your natural rate of healing is unusually
                  | fast. [Vine Stalker growth]
   947 | D:2      | Reached XP level 4. HP: 22/23 MP: 5/5
  1701 | D:3      | Noticed Natasha
  1705 | D:3      | Killed Natasha
  1706 | D:3      | Reached skill level 1 in Evocations
  1706 | D:3      | Reached XP level 5. HP: 28/28 MP: 6/6
  1976 | D:3      | Reached skill level 1 in Dodging
  2034 | D:3      | Noticed Natasha
  2037 | D:3      | Killed Natasha
  2160 | D:3      | Reached skill level 3 in Axes
  2210 | D:3      | Noticed Natasha
  2216 | D:3      | Killed Natasha
  2217 | D:3      | Reached XP level 6. HP: 32/32 MP: 7/7
  2822 | D:4      | Noticed Pikel
  2835 | D:4      | Killed Pikel
  2836 | D:4      | Reached skill level 4 in Axes
  2836 | D:4      | Reached XP level 7. HP: 17/37 MP: 2/8
  3032 | D:5      | Entered Level 5 of the Dungeon
  3149 | D:5      | Gained mutation: You have razor-sharp teeth. [Vine Stalker
                  | growth]
  3149 | D:5      | Reached XP level 8. HP: 22/42 MP: 7/9
  3330 | D:5      | Reached skill level 1 in Invocations
  3360 | D:5      | Reached skill level 5 in Axes
  3583 | D:5      | Noticed Eustachio
  3602 | D:5      | Killed Eustachio
  3831 | D:6      | Found a bloodstained altar of Trog.
  4207 | D:6      | Reached XP level 9. HP: 46/46 MP: 9/11
  4325 | D:6      | Reached skill level 6 in Axes
  4405 | D:6      | Found a shimmering altar of Xom.
  4451 | D:6      | Noticed Blork the orc
  4460 | D:6      | Killed Blork the orc
  4564 | D:6      | Reached skill level 5 in Fighting
  4773 | D:7      | Found a staircase to the Ecumenical Temple.
  4783 | Temple   | Entered the Ecumenical Temple
  5176 | D:7      | Reached skill level 7 in Axes
  5370 | D:7      | Noticed Maggie
  5381 | D:7      | Killed Maggie
  5382 | D:7      | Reached skill level 5 in Armour
  5428 | D:7      | Reached XP level 10. HP: 35/52 MP: 7/14
  5828 | D:8      | HP: 1/53 [cloud of flame (12)]
  5828 | D:8      | Killed by an exploding orc... ignited by their inner flame

Illustrated notes

Levels and vault maps discovered:
D:1:      wander_arrival_estate, layout_basic, shapermc_ecumenical_altar_venn
D:2:      layout_basic, dreamdust_mushroom_princess, minmay_misc_feat_x,
          minmay_liquid_box, kennysheep_generic_room_4
D:3:      cheibrodos_greedy_goblins, layout_basic, roderic_st_hans_cross,
          minmay_cupped, uniq_natasha
D:4:      layout_loops_ring, uniq_pikel
D:5:      layout_basic, minmay_fountain_box, uniq_eustachio
D:6:      layout_basic, lemuel_crystal_altar, tgw_xom,
          minmay_misc_feat_secret_circle, hangedman_decor_diamond_cutter,
          nicolae_half_adder, uniq_blork_the_orc
D:7:      layout_basic, minmay_temple_entry_waves, uniq_maggie
D:8:      kennysheep_blocky_room, layout_loops_ring, serial_shops, shop,
          enter_ossuary_3, hangedman_incinerator
Temple:   hellmonk_temple_of_storms

Skill      XL: |  1  2  3  4  5  6  7  8  9 |
---------------+----------------------------+-----
Axes           | 2 3 4 5 7 |  7.6
Shields        | 3 4 |  4.0
Fighting       | 3 4 5 |  5.7
Evocations     | 1 2 3 |  3.0
Dodging        | 1 2 3 4 |  4.2
Armour         | 3 4 5 |  5.2
Invocations    | 2 4 |  4.3

Action                     |  1- 3 |  4- 6 |  7- 9 | 10-12 || total
---------------------------+-------+-------+-------+-------++-------
  Melee: War axe           |    79 |   138 |   255 |    14 ||   486
         Bite              |     9 |    39 |    67 |     5 ||   120
    Use: Scroll            |       |     5 |     1 |    10 ||    16
 Armour: Scale mail        |    26 |    80 |   136 |    12 ||   254
  Dodge: Dodged            |    45 |    72 |   169 |     8 ||   294
  Block: Buckler           |    20 |    33 |    86 |     7 ||   146
